Map: Ice and Chrome LE

Players

AGOElazer (Elazer) - Winner!

  • Race: Zerg Zerg
  • League: Master
  • Spawn Location: 1:00

Lambo

  • Race: Zerg Zerg
  • League: Grandmaster
  • Spawn Location: 7:00

Event: War Chest Team League

VOD

Have the link to the VOD?

Description

Time

  • Played on: Aug. 9, 2020, 8:51 a.m.
  • Length: 12:07
Show
View Real Time Build Order
Export as new Build Order

AGOElazer Zerg - Winner!

Build Orders: Hatch First, Zergling Baneling 

Get SALT Encoding   

  12  0:00  Drone  
  13  0:12  Overlord  
  13  0:16  Drone  
  14  0:30  Drone x2  
  16  0:48  Hatchery  
  15  0:51  Drone  
  15  0:55  Drone  
  17  0:58  Drone  
  18  1:09  Extractor  
  17  1:13  Spawning Pool  
  17  1:15  Drone  
  17  1:19  Drone  
  18  1:28  Drone  
  19  1:38  Drone  
  20  1:50  Drone  
  21  2:00  Queen x2, Drone  
  21  2:01  Overlord  
  26  2:08  Metabolic Boost  
  26  2:11  Zergling x2, Drone  
  28  2:21  Drone  
  28  2:22  Drone  
  30  2:32  Zergling x2  
  30  2:34  Hatchery  
  30  2:36  Drone  
  31  2:43  Drone x2  
  33  2:50  Baneling Nest  
  32  2:53  Overlord  
  32  2:54  Drone  
  33  3:05  Drone x2  
  34  3:07  Overlord, Drone  
  36  3:13  Drone x4  
  40  3:20  Zergling x4  
  42  3:27  Evolution Chamber  
  42  3:28  Zergling x2  
  42  3:32  Extractor  
  42  3:33  Roach Warren  
  40  3:34  Drone  
  40  3:38  Drone  
  40  3:40  Drone x3  
  45  3:44  Drone x2  
  47  3:48  Overlord  
  47  3:54  Zergling x4  
  49  3:56  Overlord  
  49  4:03  Overlord  
  49  4:14  Roach x5  
  59  4:17  Roach x3  
  59  4:22  Roach x2  
  69  4:25  Roach  
  69  4:26  Roach  
  73  4:35  Zergling x6  
  76  4:44  Zergling x6  
  78  4:49  Baneling x7  
  78  4:51  Zergling x6  
  81  4:53  Overlord  
  81  4:58  Baneling  
  81  4:59  Baneling  
  81  5:06  Zergling x4  
  82  5:10  Queen  
  83  5:19  Zergling x2  
  83  5:20  Zergling x6  
  83  5:24  Zergling x16  
  87  5:31  Zergling x6  
  83  5:38  Zergling x6  
  74  5:52  Zerg Missile Weapons Level 1  
  74  5:53  Drone x3  
  74  5:56  Drone  
  72  5:59  Drone x2  
  72  6:00  Lair  
  72  6:02  Drone  
  72  6:03  Drone x2  
  71  6:06  Drone x3  
  72  6:11  Roach x3  
  75  6:19  Roach x3  
  75  6:23  Spine Crawler  
  75  6:24  Roach x3  
  86  6:33  Roach  
  86  6:34  Overlord  
  86  6:37  Spine Crawler  
  86  6:38  Roach  
  89  6:40  Overlord  
  89  6:47  Overlord  
  89  6:50  Extractor  
  89  6:51  Overlord  
  89  6:52  Extractor  
  89  6:53  Roach x4  
  97  7:00  Drone x7  
  104  7:03  Drone  
  104  7:05  Overlord, Glial Reconstitution  
  104  7:07  Drone x2  
  107  7:19  Overlord  
  107  7:22  Roach x4  
  104  7:33  Roach x2  
  104  7:34  Overlord  
  106  7:38  Extractor  
  106  7:39  Overlord  
  106  7:41  Roach x2  
  106  7:42  Drone x6  
  115  7:46  Drone x2  
  115  7:49  Hatchery  
  116  7:51  Overlord  
  116  7:52  Zerg Missile Weapons Level 2  
  116  7:53  Extractor  
  115  8:02  Pneumatized Carapace  
  115  8:03  Drone x4  
  119  8:06  Overlord  
  119  8:08  Drone x6  
  119  8:10  Overseer x2  
  125  8:16  Overlord  
  125  8:18  Evolution Chamber  
  124  8:23  Roach x4  
  132  8:28  Overlord  
  132  8:31  Roach  
  134  8:37  Roach x2  
  138  8:43  Zerg Ground Armor Level 1  
  138  8:45  Overlord  
  138  8:46  Roach x8  
  154  8:49  Overlord  
  154  8:57  Roach x4  
  154  9:02  Overlord  
  162  9:05  Drone  
  162  9:06  Hydralisk Den  
  162  9:08  Spore Crawler  
  161  9:16  Overlord  
  161  9:20  Extractor, Spore Crawler  
  161  9:21  Drone  
  160  9:30  Tunneling Claws  
  160  9:31  Roach  
  162  9:34  Burrow  
  162  9:36  Hydralisk  
  162  9:37  Hydralisk x7  
  178  9:39  Overlord  
  178  9:41  Extractor  
  178  9:42  Muscular Augments  
  178  9:43  Overlord x3  
  177  9:51  Spore Crawler  
  177  9:52  Drone  
  177  9:55  Overlord  
  175  10:00  Hydralisk  
  175  10:01  Hydralisk x5  
  175  10:03  Overlord  
  187  10:07  Roach x4  
  195  10:19  Roach x3  
  197  10:28  Roach x7  
  197  10:33  Drone  
  197  10:34  Infestation Pit  
  199  10:39  Roach  
  199  10:45  Roach x2  
  199  10:46  Roach x6  
  199  10:47  Roach x4  
  199  10:48  Roach  
  193  10:54  Roach x3, Grooved Spines  
  199  11:02  Lurker Den, Roach  
  199  11:03  Roach x5  
  199  11:04  Spine Crawler  
  197  11:09  Roach x3  
  197  11:16  Roach x6  
  197  11:24  Roach x4  
  199  11:27  Roach x26  
  187  11:36  Roach x9  
  197  11:42  Roach x14  
Show
View Real Time Build Order
Export as new Build Order

Lambo Zerg 

Build Orders: Hatch First 

Get SALT Encoding   

  12  0:00  Drone  
  13  0:12  Overlord  
  13  0:17  Drone  
  14  0:30  Drone x2  
  16  0:47  Hatchery  
  15  0:50  Drone  
  15  0:54  Drone  
  17  0:57  Drone  
  18  1:07  Extractor  
  17  1:12  Spawning Pool  
  17  1:15  Drone  
  18  1:18  Drone  
  18  1:27  Drone  
  19  1:38  Drone  
  20  1:49  Drone  
  21  1:58  Queen  
  21  1:59  Zergling x2, Queen, Overlord  
  26  2:08  Metabolic Boost  
  26  2:09  Drone  
  26  2:11  Drone  
  28  2:20  Drone  
  28  2:22  Drone  
  30  2:32  Hatchery  
  30  2:35  Drone  
  30  2:38  Zergling x2  
  30  2:42  Drone  
  32  2:49  Baneling Nest  
  31  2:51  Overlord  
  31  2:54  Drone x2  
  33  3:03  Drone  
  34  3:08  Drone x2  
  34  3:09  Queen  
  34  3:11  Drone  
  39  3:13  Zergling x2  
  39  3:16  Zergling x2  
  41  3:23  Overlord, Evolution Chamber  
  41  3:25  Drone  
  41  3:28  Drone  
  41  3:31  Drone  
  44  3:34  Drone  
  44  3:42  Zergling x4  
  44  3:46  Drone x6  
  51  3:50  Zerg Missile Weapons Level 1  
  51  3:53  Baneling  
  51  3:54  Overlord  
  51  3:57  Drone x2  
  51  4:02  Drone  
  54  4:04  Drone  
  54  4:07  Overlord  
  55  4:13  Drone  
  55  4:15  Drone  
  55  4:17  Drone x4  
  59  4:25  Roach Warren  
  59  4:27  Zergling x8  
  59  4:29  Drone  
  63  4:32  Overlord  
  63  4:37  Drone  
  64  4:39  Extractor  
  64  4:41  Extractor  
  62  4:46  Overlord  
  62  4:49  Spine Crawler  
  62  4:50  Spine Crawler x2  
  62  4:51  Spine Crawler  
  62  4:52  Spine Crawler  
  57  4:53  Spine Crawler  
  56  5:06  Baneling  
  56  5:07  Roach x6  
  66  5:17  Roach  
  67  5:21  Roach  
  67  5:22  Zergling x4, Roach  
  67  5:24  Baneling  
  67  5:25  Baneling  
  67  5:28  Zergling x8  
  65  5:36  Roach  
  65  5:41  Roach  
  63  5:55  Zergling x10, Roach Warren  
  63  5:59  Drone x2  
  63  6:00  Drone  
  63  6:14  Drone  
  64  6:22  Hatchery, Drone x4  
  64  6:25  Drone  
  68  6:35  Drone x2  
  68  6:37  Lair  
  68  6:39  Roach x2  
  74  6:42  Roach  
  74  6:46  Drone x2  
  78  6:50  Queen  
  80  6:56  Drone x3  
  83  7:01  Drone  
  83  7:07  Overlord  
  84  7:12  Extractor  
  84  7:13  Drone  
  83  7:21  Drone x3  
  79  7:23  Drone x2  
  79  7:25  Drone  
  80  7:31  Drone  
  80  7:32  Drone  
  80  7:34  Drone x2  
  84  7:40  Spire  
  84  7:41  Overseer  
  84  7:42  Drone  
  84  7:44  Drone  
  84  7:50  Drone  
  86  7:54  Queen, Drone x3  
  86  7:57  Drone  
  92  7:59  Drone  
  92  8:03  Drone x4  
  97  8:06  Zerg Missile Weapons Level 2  
  97  8:11  Drone  
  98  8:18  Extractor  
  98  8:19  Extractor, Glial Reconstitution  
  96  8:21  Overlord  
  96  8:23  Overlord  
  96  8:25  Overlord, Drone x2  
  96  8:26  Overlord  
  98  8:29  Overlord  
  98  8:39  Overlord  
  98  8:40  Drone x6  
  104  8:43  Drone x2  
  104  8:46  Drone  
  109  8:48  Roach  
  109  8:52  Roach  
  111  8:58  Mutalisk x2  
  114  9:02  Hatchery  
  114  9:05  Mutalisk x2  
  114  9:06  Mutalisk  
  114  9:08  Mutalisk  
  121  9:11  Mutalisk  
  121  9:14  Mutalisk  
  125  9:18  Mutalisk  
  127  9:24  Roach x2  
  127  9:25  Roach x2  
  127  9:27  Ravager  
  127  9:31  Roach x3  
  138  9:36  Roach x2  
  142  9:40  Roach  
  142  9:41  Roach  
  146  9:46  Overlord x3  
  146  9:58  Overlord  
  146  10:02  Overlord  
  146  10:04  Queen  
  146  10:06  Roach x4  
  156  10:11  Ravager x2  
  156  10:13  Roach x3  
  165  10:21  Roach x5  
  165  10:25  Roach  
  165  10:34  Roach x5  
  171  10:42  Ravager x2, Overlord  
  172  10:46  Roach x2  
  172  10:47  Overlord, Ravager  
  176  10:50  Overseer  
  176  10:55  Overlord  
  176  10:57  Overseer  
  176  11:00  Overlord  
  176  11:03  Overlord  
  175  11:06  Overlord  
  175  11:09  Roach x6  
  175  11:11  Roach  
  172  11:14  Roach x2  
  162  11:19  Roach x2  
  162  11:24  Roach  
  147  11:27  Roach  
  140  11:35  Ravager  
  140  11:36  Ravager  
  139  11:46  Ravager  
  140  11:47  Ravager  
  140  11:48  Ravager  
Tags
 
Add a new tag
Caveats
  • Supply blocks, unpowered buildings, or Contaminate may cause inaccurate times.
  • Supply counts are checked every 10 seconds.